 Dungeon Crawl Stone Soup version 0.22.1-2-g9c5b331 (webtiles) character file.

2405 diana the Carver (level 9, 0/61 HPs)
             Began as a Demonspawn Gladiator on Nov 16, 2018.
             Was an Initiate of Ashenzari.
             Slain by Joseph
             ... wielding a +0 quarterstaff
              (10 damage)
             ... on level 8 of the Dungeon.
             The game lasted 00:13:56 (9397 turns).

diana the Carver (Demonspawn Gladiator)             Turns: 9397, Time: 00:13:57

Health: 0/61       AC: 15    Str: 20    XL:     9   Next: 23%
Magic:  9/9        EV:  6    Int: 10    God:    Ashenzari [......]
Gold:   461        SH:  0    Dex: 14    Spells: 8/8 levels left

rFire    . . .     SeeInvis .   a - +0 long sword
rCold    + . .     Gourm    +   (no shield)
rNeg     . . .     Faith    .   F - +0 plate armour
rPois    .         Spirit   .   q - +2 hat
rElec    .         Reflect  .   (no cloak)
rCorr    .         Harm     .   (no gloves)
MR       .....                  (no boots)
Stlth    ..........             r - amulet of the gourmand
HPRegen  0.60/turn              (no ring)
MPRegen  0.11/turn              (no ring)

@: no status effects
A: horns 1, icy blue scales 2, cold resistance 1, regeneration 1, strong 1,
subdued magic 1
a: Curse Item, Renounce Religion


You were on level 8 of the Dungeon.
You worshipped Ashenzari.
Ashenzari was noncommittal.
You were not hungry.

You visited 2 branches of the dungeon, and saw 9 of its levels.

You collected 461 gold pieces.

Inventory:

Hand Weapons
 a - a +0 long sword (weapon)
Missiles
 o - a throwing net (quivered)
Armour
 b - a +0 leather armour
 c - a +0 helmet
 j - a +1 hat
 q - a +2 hat (worn)
 F - a +0 plate armour (worn)
 H - the +6 chain mail of the Endless Suns {MR++}
   (You found it on level 8 of the Dungeon)

   It affects your resistance to hostile enchantments.
Jewellery
 r - an amulet of the gourmand (around neck)
Wands
 y - a wand of polymorph (15)
 G - a wand of digging (18)
Scrolls
 e - 2 scrolls of fog
 g - 2 scrolls of random uselessness
 h - a scroll of immolation {unknown}
 i - a scroll of magic mapping
 l - 4 scrolls of amnesia
 p - 2 scrolls of teleportation
 s - 5 scrolls of enchant armour
 w - 5 scrolls of remove curse
 x - a scroll of noise {unknown}
 z - a scroll of silence {unknown}
 A - 2 scrolls of fear
 B - 2 scrolls of identify
Potions
 d - a potion of flight {unknown}
 k - a potion of degeneration {unknown}
 m - a potion of might
 n - a potion of berserk rage {unknown}
 t - 3 potions of brilliance
 u - a potion of invisibility {unknown}
 v - 4 potions of mutation
 C - a potion of agility {unknown}
 D - a potion of curing
 E - a potion of lignification {unknown}
Comestibles
 f - 13 rations


   Skills:
 - Level 2.0 Fighting
 + Level 11.5 Long Blades
 - Level 1.7 Throwing
 - Level 2.6 Dodging


You had 8 spell levels left.
You didn't know any spells.
Your spell library contained the following spells:

 Spells                   Type           Power        Failure   Level  Hunger
 Animate Skeleton         Necr           N/A          100%        1    ##.....
 Apportation              Tloc           #.....       100%        1    ##.....
 Confusing Touch          Hex            #.....       100%        1    ##.....
 Summon Small Mammal      Summ           #...         100%        1    ##.....


Dungeon Overview and Level Annotations

Branches:
Dungeon (8/15)             Temple (1/1) D:6
   Lair: D:8-11

Altars:
Ashenzari
Cheibriados
Hepliaklqana
Sif Muna
Vehumet

Shops:
D:6 *

Annotations:
D:8 Joseph


Innate Abilities, Weirdness & Mutations

You have a pair of small horns on your head.
You are mostly covered in icy blue scales. (AC +3)
Your flesh is cold resistant. (rC+)
Your natural rate of healing is unusually fast.
Your muscles are strong. (Str +2)
Your spells are a little easier to cast, but a little less powerful.


Message History

You are too injured to fight recklessly!
You are too injured to fight recklessly!
You are too injured to fight recklessly!
You are too injured to fight recklessly!
You are too injured to fight recklessly!
You are too injured to fight recklessly!
You are too injured to fight recklessly!
You are too injured to fight recklessly!
You closely miss Joseph. Your headbutt misses Joseph.
Joseph hits you with a quarterstaff. The ice beast hits you.
The ice beast freezes you! You resist.
* * * LOW HITPOINT WARNING * * *
You hit Joseph but do no damage. You headbutt Joseph.
Joseph is lightly wounded.
The ice beast hits you.
* * * LOW HITPOINT WARNING * * *
The ice beast freezes you. You resist.
* * * LOW HITPOINT WARNING * * *
Joseph hits you with a quarterstaff!
You die...

......###### #.
#..#.######........
#.##.............#.###
#...... ######.#....##
.....# ##......... #...#
###......###. #...#
#....(.......
#####.@Y####.#......####
#.....(@.##.#.#.....#
#.###......###.#.#...)..
#.....## #.........
#......# ##..#####
#.......# ..# #####.#..#
.# #.#.## #.#.# #.# #


You could see Joseph and an ice beast.

Vanquished Creatures
  3 ice beasts (D:7)
  2 sky beasts (D:7)
  A hornet zombie (D:6)
  4 ogres
  A black bear (D:8)
  An eye of draining (D:8)
  2 centaurs
  2 bullfrogs
  A scorpion (D:5)
  A killer bee (D:8)
  3 howler monkeys
  A crimson imp (D:7)
  A jelly (D:5)
  2 hounds
  An orc priest (D:6)
  A bullfrog skeleton (D:5)
  Crazy Yiuf (D:4)
  2 orc wizards (D:6)
  Jessica (D:7)
  8 worker ants
  2 iguanas
  A hound zombie (D:5)
  A worker ant zombie (D:5)
  7 gnolls
  8 adders
  2 adder skeletons (D:4)
  5 worms
  5 dart slugs
  4 leopard geckos
  10 orcs
  2 giant cockroaches (D:2)
  7 goblins
  11 hobgoblins
  23 jackals
  11 kobolds
  2 quokkas
  2 ball pythons
  4 bats
  3 frilled lizards
  2 quokka zombies (D:5)
  10 rats
161 creatures vanquished.

Notes
Turn   | Place    | Note
-------+----------+-------------------------------------------
     0 | D:1      | diana the Demonspawn Gladiator began the quest for the Orb.
     0 | D:1      | Reached XP level 1. HP: 16/16 MP: 1/1
    80 | D:1      | Reached skill level 3 in Long Blades
   100 | D:1      | Gained mutation: You are partially covered in icy blue
                  | scales. (AC +2) [demonic ancestry]
   100 | D:1      | Reached XP level 2. HP: 20/22 MP: 2/2
   928 | D:1      | Reached XP level 3. HP: 27/27 MP: 3/3
  1456 | D:2      | Reached skill level 4 in Long Blades
  1717 | D:2      | Reached XP level 4. HP: 23/33 MP: 4/4
  1845 | D:2      | Found a hazy altar of Hepliaklqana.
  2355 | D:3      | Reached skill level 5 in Long Blades
  2868 | D:3      | Gained mutation: You have a pair of small horns on your
                  | head. [demonic ancestry]
  2868 | D:3      | Reached XP level 5. HP: 38/38 MP: 5/5
  3091 | D:4      | Noticed an ogre
  3131 | D:5      | Entered Level 5 of the Dungeon
  3272 | D:5      | Reached skill level 6 in Long Blades
  3445 | D:5      | Gained mutation: Your flesh is cold resistant. (rC+)
                  | [demonic ancestry]
  3445 | D:5      | Reached XP level 6. HP: 27/44 MP: 6/6
  3553 | D:5      | Found a deep blue altar of Sif Muna.
  4246 | D:4      | Found a runed door.
  4306 | D:4      | Noticed Crazy Yiuf
  4312 | D:4      | Killed Crazy Yiuf
  4350 | D:5      | Found a shattered altar of Ashenzari.
  4363 | D:5      | Became a worshipper of Ashenzari the Shackled
  4417 | D:5      | Found a transporter.
  4461 | D:5      | Reached skill level 7 in Long Blades
  4708 | D:5      | Reached XP level 7. HP: 45/50 MP: 7/7
  4824 | D:5      | Found a snail-covered altar of Cheibriados.
  4903 | D:5      | Found a transporter.
  5402 | D:5      | Reached skill level 8 in Long Blades
  6169 | D:6      | Reached skill level 9 in Long Blades
  6169 | D:6      | Gained mutation: You are mostly covered in icy blue scales.
                  | (AC +3) [demonic ancestry]
  6169 | D:6      | Reached XP level 8. HP: 19/56 MP: 8/8
  6421 | D:6      | Found a staircase to the Ecumenical Temple.
  6694 | Temple   | Entered the Ecumenical Temple
  7065 | D:6      | Found a radiant altar of Vehumet.
  7307 | D:6      | Found Wyn Wodwis's General Store.
  7669 | D:7      | Reached * piety under Ashenzari
  7670 | D:7      | Noticed Jessica
  7677 | D:7      | Found a deep blue altar of Sif Muna.
  7706 | D:7      | Killed Jessica
  7886 | D:7      | Reached skill level 10 in Long Blades
  8545 | D:7      | Reached skill level 11 in Long Blades
  8545 | D:7      | Reached XP level 9. HP: 31/61 MP: 9/9
  8923 | D:8      | Gained mutation: You do not regenerate when monsters are
                  | visible. [potion of mutation]
  8923 | D:8      | Gained mutation: You possess an exceptional clarity of
                  | mind. [potion of mutation]
  9328 | D:8      | Lost mutation: You do not regenerate when monsters are
                  | visible. [potion of mutation]
  9328 | D:8      | Lost mutation: You possess an exceptional clarity of mind.
                  | [potion of mutation]
  9328 | D:8      | Gained mutation: You are weak. (Str -2) [potion of
                  | mutation]
  9328 | D:8      | Gained mutation: Armour fits poorly on your strangely
                  | shaped body. [potion of mutation]
  9328 | D:8      | Gained mutation: Your mind is acute. (Int +2) [potion of
                  | mutation]
  9329 | D:8      | Lost mutation: You are weak. (Str -2) [potion of mutation]
  9329 | D:8      | Lost mutation: Armour fits poorly on your strangely shaped
                  | body. [potion of mutation]
  9329 | D:8      | Lost mutation: Your mind is acute. (Int +2) [potion of
                  | mutation]
  9329 | D:8      | Gained mutation: Your muscles are strong. (Str +2) [potion
                  | of mutation]
  9329 | D:8      | Gained mutation: Your spells are a little easier to cast,
                  | but a little less powerful. [potion of mutation]
  9329 | D:8      | Gained mutation: Your natural rate of healing is unusually
                  | fast. [potion of mutation]
  9383 | D:8      | Noticed Joseph
  9384 | D:8      | Got the uncursed chain mail of the Endless Suns {MR++}
  9397 | D:8      | Slain by Joseph

Skill      XL: |  1  2  3  4  5  6  7  8 |
---------------+-------------------------+-----
Long Blades    | 3 4 5 6 7 9 11 | 11.5
Fighting       | |  2.0
Throwing       | |  1.7
Dodging        | |  2.6

Action                   |  1- 3 |  4- 6 |  7- 9 || total
-------------------------+-------+-------+-------++-------
Melee: Long sword        |   133 |   197 |   306 ||   636
       Headbutt          |       |    19 |    70 ||    89
Throw: Throwing net      |       |     1 |     5 ||     6
  Use: Scroll            |       |       |     7 ||     7
       Potion            |       |       |    10 ||    10
 Stab: Distracted        |       |     1 |       ||     1
       Held in net/web   |       |     1 |     1 ||     2
       Sleeping          |       |       |     2 ||     2
  Eat: Chunk             |     3 |    10 |    15 ||    28
Armor: Leather armour    |    45 |    77 |   107 ||   229
       Plate armour      |       |       |    16 ||    16
Dodge: Dodged            |   124 |   157 |   194 ||   475
       Rpst.: Long sword |    41 |    55 |    51 ||   147
